 Dungeon Crawl Stone Soup version 0.26-a0-850-g97a50ab700 (webtiles) character file.

Game seed: 2064209453172866539

319 rocket00000 the Poker (level 6, -1/47 HPs)
             Began as a Merfolk Gladiator on Nov 20, 2020.
             Killed from afar by an orc wizard (8 damage)
             ... with a magic dart
             ... on level 4 of the Dungeon.
             The game lasted 00:14:42 (3720 turns).

rocket00000 the Poker (Merfolk Gladiator)           Turns: 3720, Time: 00:14:44

Health: -1/47      AC:  4    Str: 15    XL:     6   Next: 45%
Magic:  6/6        EV: 14    Int:  9    God:
Gold:   112        SH:  0    Dex: 15    Spells: 5/5 levels left

rFire    . . .     SeeInvis .   a - +0 trident
rCold    . . .     Faith    .   (no shield)
rNeg     . . .     Spirit   .   b - +0 leather armour
rPois    .         Reflect  .   u - +1 hat
rElec    .         Harm     .   (no cloak)
rCorr    .         Rampage  .   (no gloves)
MR       .....                  (no boots)
Stlth    ++........             (no amulet)
HPRegen  0.15/turn              (no ring)
MPRegen  0.10/turn              (no ring)

@: slowed, very slow
A: change form in water, swift swim, stealthy swim
a: no special abilities


You were on level 4 of the Dungeon.
You visited 1 branch of the dungeon, and saw 4 of its levels.

You collected 112 gold pieces.

Inventory:

Hand Weapons
 a - a +0 trident (weapon)
 g - a cursed -2 whip
 j - a +0 halberd
Missiles
 d - 3 throwing nets
 e - 84 stones
 p - 2 atropa-tipped darts (quivered)
Armour
 b - a +0 leather armour (worn)
 c - a +0 helmet
 u - a +1 hat (worn)
Scrolls
 h - 2 scrolls of blinking
 i - 2 scrolls of teleportation
 k - a scroll of remove curse
 l - a scroll of fear
 n - a scroll of enchant weapon {unknown}
 q - a scroll of immolation {unknown}
 r - a scroll of enchant armour
Potions
 f - a potion of lignification
 o - a potion of curing {unknown}


   Skills:
 + Level 3.1 Fighting
 + Level 7.9 Polearms
 + Level 2.5 Throwing
 + Level 1.3 Armour
 + Level 4.6 Dodging
 + Level 1.7 Stealth


You had 5 spell levels left.
You didn't know any spells.
Your spell library was empty.

Dungeon Overview and Level Annotations

Branches:
Dungeon (4/15)
 Temple: D:4-7

Altars:
Wu Jian
Xom


Message History

* * * LOW HITPOINT WARNING * * *
The orc wizard hits you but does no damage.
Things that are here:
a +0 mace; an orc corpse You hit the orc wizard but do no damage.
The orc wizard misses you.
The orc wizard hits you with a +0 dagger.
* * * LOW HITPOINT WARNING * * *
You catch the helpless orc wizard completely off-guard!
You hit the orc wizard but do no damage.
The orc wizard is no longer blind.
The orc wizard closely misses you. x2
You hit the orc wizard but do no damage.
The orc wizard hits you but does no damage. x2
You hit the orc wizard but do no damage.
The orc wizard completely misses you.
The orc wizard hits you with a +0 dagger.
* * * LOW HITPOINT WARNING * * *
The orc wizard points at you and mumbles some strange words.
The magic dart hits you!
You die...

#.............#..........
#.............#..[......#
#....................##.#
#.#.#.#.#............# .#
#..........##........# ..
#.#.....#............##..
#...(......## #..........
#.#.....#.#####..........
#.....(o@(#.....#......[.
#.#.#.#.#.......o........
#.>........###...........
###......(.# ###....#....
########## ##........
#...#..(. #...# ..Z #...#
#...#


You could see an orc wizard (fast).

Vanquished Creatures
  2 orc priests
  A hound (D:4)
  2 orc wizards (D:3)
  4 gnolls
  4 adders
  A white imp (D:3)
  An ooze (D:2)
  2 worms (D:2)
  2 leopard geckos
  14 orcs
  11 bats
  3 giant cockroaches
  7 goblins
  2 hobgoblins
  10 kobolds
  3 ball pythons
  7 frilled lizards
  10 rats
86 creatures vanquished.

Notes
Turn   | Place    | Note
-------+----------+-------------------------------------------
     0 | D:1      | rocket00000 the Merfolk Gladiator began the quest for the
                  | Orb.
     0 | D:1      | Reached XP level 1. HP: 16/16 MP: 1/1
   121 | D:1      | Reached XP level 2. HP: 22/22 MP: 2/2
   403 | D:1      | Reached skill level 5 in Polearms
   616 | D:1      | Reached XP level 3. HP: 16/28 MP: 3/3
  1387 | D:2      | Reached XP level 4. HP: 34/34 MP: 4/4
  1454 | D:2      | Reached skill level 1 in Stealth
  1634 | D:2      | Reached skill level 6 in Polearms
  2241 | D:3      | Reached XP level 5. HP: 39/39 MP: 5/5
  2696 | D:3      | Reached skill level 7 in Polearms
  2941 | D:3      | Found an ornate altar of the Wu Jian Council.
  3009 | D:3      | Reached skill level 1 in Armour
  3009 | D:3      | Reached XP level 6. HP: 20/46 MP: 6/6
  3239 | D:3      | Upgraded the game from 0.26-a0-846-gcc8f1ee719 to
                  | 0.26-a0-850-g97a50ab700
  3249 | D:3      | Found a shimmering altar of Xom.
  3720 | D:4      | Killed from afar by an orc wizard

Illustrated notes

Levels and vault maps discovered:
D:1:      co_arrival_random_square_maze, layout_loops_corners,
          hangedman_decor_slide_cut, minmay_heptomino_l4
D:2:      layout_basic
D:3:      layout_loops_ring, lemuel_round_altar, grunt_decor_resistance,
          minivault_14, tgw_xom
D:4:      layout_rooms, st_stairs_2

Skill      XL: |  1  2  3  4  5  6 |
---------------+-------------------+-----
Polearms       | 5 6 7 |  7.9
Stealth        | 1 |  1.7
Armour         | 1 |  1.3
Fighting       | 3 |  3.1
Throwing       | |  2.5
Dodging        | |  4.6

Action                   |  1- 3 |  4- 6 || total
-------------------------+-------+-------++-------
Melee: Trident           |    85 |   236 ||   321
Throw: Throwing net      |     1 |       ||     1
       Dart              |       |     9 ||     9
       Stone             |       |     3 ||     3
  Use: Scroll            |     5 |     2 ||     7
       Potion            |       |     2 ||     2
 Stab: Sleeping          |     4 |     3 ||     7
       Invisible         |       |     1 ||     1
Armor: Leather armour    |    19 |    28 ||    47
Dodge: Dodged            |    56 |   115 ||   171

Table legend: (Time is in decaauts)
 A = Elapsed time spent in this place.
 B = Non-inter-level travel time spent in this place.
 C = Inter-level travel time spent in this place.
 D = Time resting spent in this place.
 E = Time spent auto-exploring this place.
 F = Levels seen in this place.
 G = Mean time per level.
                   A        B        C        D        E       F      G
               +--------+--------+--------+--------+--------+-----+--------+
         Total |   3718 |   3668 |     50 |    916 |   1640 |   4 |  929.5 |
       Dungeon |   3718 |   3668 |     50 |    916 |   1640 |   4 |  929.5 |
               +--------+--------+--------+--------+--------+-----+--------+

Top non-repeatable levels by time:
     D:3: 1431 daAuts
     D:1: 1061 daAuts
     D:2: 773 daAuts
     D:4: 453 daAuts
